 Dungeon Crawl Stone Soup version 0.29.1-4-g47bece8355 (webtiles) character file.

Game seed: 3995287741161288846

3751 cheesebisquit the Severer (level 9, -1/71 HPs)
             Began as a Minotaur Berserker on Dec 10, 2022.
             Was an Elder of Trog.
             Killed from afar by an electric eel (9 damage)
             ... with a bolt of electricity
             ... on level 8 of the Dungeon.
             The game lasted 00:25:27 (7379 turns).

cheesebisquit the Severer (Minotaur Berserker)      Turns: 7379, Time: 00:25:27

Health: -1/71      AC: 11    Str: 26    XL:     9   Next: 93%
Magic:  8/8        EV:  7    Int:  4    God:    Trog [****..]
Gold:   320        SH: 11    Dex: 10    Spells: 8/8 levels left

rFire   . . .      SeeInvis .   I - +0 war axe (vorpal)
rCold   + . .      Faith    .   N - +0 kite shield
rNeg    . . .      Spirit   .   D - +0 chain mail
rPois   .          Reflect  +   (helmet restricted)
rElec   .          Harm     .   (no cloak)
rCorr   .          Rampage  .   q - +0 pair of gloves
Will    .....                   z - +0 pair of boots
Stlth   ..........              y - amulet of reflection
HPRegen 0.21/turn               e - +4 ring of slaying
MPRegen 0.11/turn               h - ring of protection from cold

@: on berserk cooldown, slowed, very slow
A: horns 2, retaliatory headbutt
a: Renounce Religion, Berserk, Trog's Hand, Brothers in Arms


You were on level 8 of the Dungeon.
You worshipped Trog.
Trog was greatly pleased with you.
You visited 1 branch of the dungeon, and saw 8 of its levels.

You collected 320 gold pieces.

Inventory:

Hand Weapons
 a - a +0 hand axe
 B - a +0 war axe
 I - a +0 vorpal war axe (weapon)
Missiles
 x - 20 poisoned darts (quivered)
 F - 4 throwing nets
 L - a datura-tipped dart
Armour
 b - a +0 animal skin
 k - a +0 leather armour
 o - a +0 scale mail
 q - a +0 pair of gloves (worn)
 z - a +0 pair of boots (worn)
 D - a +0 chain mail (worn)
 N - a +0 kite shield (worn)
Jewellery
 e - a +4 ring of slaying (left hand)
 h - a ring of protection from cold (right hand)
 v - a ring of positive energy
 y - an amulet of reflection (around neck)
 G - a ring of protection from fire
Wands
 C - a wand of digging (6)
 M - a wand of flame (23)
Scrolls
 f - 3 scrolls of poison {unknown}
 g - a scroll of fear {unknown}
 l - a scroll of amnesia {unknown}
 p - 3 scrolls of teleportation {unknown}
 t - 2 scrolls of blinking {unknown}
 u - 3 scrolls of enchant weapon {unknown}
 w - 2 scrolls of enchant armour {unknown}
 A - a scroll of noise {unknown}
 J - a scroll of identify
Potions
 c - a potion of invisibility
 d - 2 potions of degeneration
 i - 3 potions of curing
 j - 2 potions of brilliance
 m - a potion of cancellation
 n - a potion of haste
 r - 3 potions of lignification
 s - 4 potions of resistance
 E - a potion of heal wounds
 H - a potion of magic {unknown}
 K - a potion of ambrosia {unknown}


   Skills:
 - Level 3.8 Fighting
 + Level 16.8 Axes
 - Level 2.7 Armour
 - Level 2.4 Dodging


You had 8 spell levels left.
You didn't know any spells.
Your spell library was empty.

Dungeon Overview and Level Annotations

Branches:
Dungeon (8/15)             Temple (0/1) D:7            Lair (0/5) D:8

Altars:
Dithmenos
Yredelemnul

Shops:
D:7 (


Innate Abilities, Weirdness & Mutations

You have a pair of horns on your head.
You reflexively headbutt those who attack you in melee.


Message History

a +0 dagger; 3 stones; a kobold corpse
Things that are here:
a +0 short sword; 2 stones 2 wolves and an electric eel come into view.
The wolf howls! x2; You hear a bark!
A hound comes into view.
The electric eel shoots out a bolt of lightning at you!
The bolt of electricity hits you!
A jelly comes into view.
A hound and an electric eel come into view.
The hound barks! x2; You hear a bark!
You hear a loud, deep croak!
A hound comes into view. x2
The electric eel shoots out a bolt of lightning at you!
The bolt of electricity hits you!
The electric eel shoots out a bolt of lightning at you!
The bolt of electricity hits you!
An electric eel comes into view.
The hound moves out of view.
Found a staircase to the Lair.
The electric eel shoots out a bolt of lightning at you!
The bolt of electricity hits you!
A wolf comes into view.
The wolf howls!
You hear a croak.
The electric eel shoots out a bolt of lightning at you!
The bolt of electricity hits you! The jelly attacks as you move away!
You block the jelly's attack.
The electric eel shoots out a bolt of lightning at you!
The bolt of electricity hits you.
The electric eel shoots out a bolt of lightning at you!
The bolt of electricity hits you!
* * * LOW HITPOINT WARNING * * *
The electric eel shoots out a bolt of lightning at you!
The bolt of electricity hits you.
* * * LOW HITPOINT WARNING * * *
The electric eel shoots out a bolt of lightning at you!
The bolt of electricity hits you.
* * * LOW HITPOINT WARNING * * *
The electric eel shoots out a bolt of lightning at you!
The bolt of electricity hits you!
You die...

##########
#..........#
##..........#
...........#
###........))#
..........))#
#.........)#
####.........<###
.......@........##
.#####hJ............
#........~......
#.~....~...~.~..
#.h.?~.~~.≈~~~..
#..~~.≈.S≈≈~~...
....h.~≈~SS≈≈≈~...
......≈≈≈≈h≈≈~≈~
.....~~~hh~.≈h~≈


You could see a wolf, 3 hounds, a jelly and 3 electric eels.

Vanquished Creatures
  A wyvern (D:7)
  A vampire mosquito (D:7)
  A steam dragon (D:5)
  2 ice beasts
  2 orc warriors (D:7)
  A sky beast (D:7)
  3 ogres
  3 centaurs
  4 phantoms
  3 kobold brigands
  3 bullfrogs (D:7)
  4 scorpions
  3 gnoll sergeants
  A wyvern zombie (D:6)
  A water moccasin zombie (D:6)
  3 wights (D:4)
  A bullfrog zombie (D:6)
  2 centaur zombies (D:6)
  4 jellies
  A gnoll bouda (D:6)
  5 orc priests
  2 hounds
  Terence (D:2)
  4 iguanas
  3 orc wizards
  2 killer bee zombies (D:6)
  7 adders
  12 gnolls
  A shadow imp (D:5)
  A white imp (D:7)
  2 ufetubi
  A worm (D:3)
  A dart slug (D:3)
  27 orcs
  4 endoplasms
  3 giant cockroaches
  10 goblins
  6 hobgoblins
  12 jackals
  A quokka (D:4)
  6 ball pythons
  5 bats
  18 kobolds
  8 rats
186 creatures vanquished.

Vanquished Creatures (others)
  2 plants (D:3)
2 creatures vanquished.

Grand Total: 188 creatures vanquished

Notes
Turn   | Place    | Note
-------+----------+-------------------------------------------
     0 | D:1      | cheesebisquit the Minotaur Berserker began the quest for
                  | the Orb.
     0 | D:1      | Reached XP level 1. HP: 19/19 MP: 0/0
   427 | D:1      | Reached XP level 2. HP: 27/27 MP: 1/1
   442 | D:1      | Reached skill level 4 in Axes
   984 | D:1      | Reached ** piety under Trog
  1049 | D:1      | Reached XP level 3. HP: 33/33 MP: 2/2
  1287 | D:2      | Found a faded altar of an unknown god.
  1420 | D:2      | Reached skill level 5 in Axes
  1487 | D:2      | Noticed Terence
  1494 | D:2      | Killed Terence
  1495 | D:2      | Reached XP level 4. HP: 40/40 MP: 3/3
  2261 | D:3      | Reached skill level 6 in Axes
  2518 | D:3      | Reached XP level 5. HP: 46/46 MP: 4/4
  2981 | D:4      | Reached skill level 7 in Axes
  3257 | D:4      | Noticed an ogre
  3264 | D:4      | Killed an ogre
  3265 | D:4      | Reached skill level 8 in Axes
  3265 | D:4      | Reached XP level 6. HP: 47/52 MP: 5/5
  3456 | D:4      | Reached skill level 9 in Axes
  3678 | D:4      | Reached XP level 7. HP: 52/58 MP: 6/6
  3730 | D:4      | Identified the +8 short sword of Okyhet {vorpal, Str+4}
  3784 | D:4      | Reached *** piety under Trog
  4138 | D:5      | Entered Level 5 of the Dungeon
  4234 | D:5      | Reached skill level 10 in Axes
  4463 | D:5      | Reached skill level 11 in Axes
  4715 | D:5      | Reached XP level 8. HP: 65/66 MP: 7/7
  4784 | D:5      | Reached skill level 12 in Axes
  5256 | D:6      | Reached skill level 13 in Axes
  5265 | D:6      | Found a basalt altar of Yredelemnul.
  5626 | D:6      | Reached **** piety under Trog
  5635 | D:6      | Reached skill level 14 in Axes
  5640 | D:6      | Reached XP level 9. HP: 16/71 MP: 8/8
  5978 | D:6      | Found a shadowy altar of Dithmenos.
  6355 | D:7      | Reached skill level 15 in Axes
  6622 | D:7      | Found a staircase to the Ecumenical Temple.
  6643 | D:7      | Found Rian's Firing Range.
  6754 | D:7      | Reached skill level 16 in Axes
  7376 | D:8      | Found a staircase to the Lair.
  7379 | D:8      | Killed from afar by an electric eel

Illustrated notes

Levels and vault maps discovered:
D:1:      spicycebolla_arrival_xxxplode, layout_basic, serial_curves,
          eino_curves_04, eino_curves_03, bh_walls_and_bars
D:2:      layout_basic, shapermc_ecumenical_altar_mp_ritualfount, uniq_terence
D:3:      corexii_shack_village, layout_basic
D:4:      layout_basic, hangedman_decor_opposing
D:5:      layout_rooms
D:6:      layout_rooms, nicolae_overflow_hidden_temple,
          nicolae_yredelemnul_corpse_copse
D:7:      minmay_opposing_rooms, layout_rooms, minmay_temple_entry_slanted,
          nicolae_shop_firing_range
D:8:      layout_rooms, erik_lair_island, nicolae_elemental_shop, uniq_erica

Skill      XL: |  1  2  3  4  5  6  7  8  9 |
---------------+----------------------------+-----
Axes           | 4 5 6 8 9 11 14 16 | 16.8
Fighting       | |  3.8
Armour         | |  2.7
Dodging        | |  2.4

Action                   |  1- 3 |  4- 6 |  7- 9 || total
-------------------------+-------+-------+-------++-------
Melee: Hand axe          |    54 |    85 |       ||   139
       Headbutt          |    11 |     8 |    38 ||    57
       War axe           |       |       |   189 ||   189
       Punch             |       |       |     2 ||     2
Invok: Berserk           |     2 |     1 |     5 ||     8
       Trog's Hand       |       |       |     1 ||     1
  Use: Scroll            |       |     4 |     5 ||     9
       Potion            |       |       |     2 ||     2
Armor: Leather armour    |     3 |     2 |       ||     5
       Scale mail        |       |    24 |     4 ||    28
       Chain mail        |       |       |    95 ||    95
Dodge: Dodged            |    31 |    36 |    87 ||   154
Block: Other             |       |       |    43 ||    43
       Kite shield       |       |       |    13 ||    13
       Reflection        |       |       |     1 ||     1
